 Dungeon Crawl Stone Soup version 0.21-a0-498-g1b60429 (webtiles) character file.

4002 mortelune the Basher (level 10, -1/96 HPs)
             Began as a Gargoyle Fighter on Nov 24, 2017.
             Was a Believer of Makhleb.
             Slain by Erolcha
             ... wielding a +3 giant spiked club
              (17 damage)
             ... on level 9 of the Dungeon.
             The game lasted 00:26:00 (7786 turns).

mortelune the Basher (Gargoyle Fighter)             Turns: 7786, Time: 00:26:01

Health: -1/96      AC: 20    Str: 24    XL:     10   Next: 23%
Magic:  14/14      EV: 11    Int:  9    God:    Makhleb [**....]
Gold:   413        SH:  9    Dex:  5    Spells: 9/9 levels left

rFire    . . .     SeeInvis .   y - +1 morningstar
rCold    . . .     Gourm    .   c - +0 shield
rNeg     + . .     Faith    .   n - +0 chain mail
rPois    ∞         Spirit   .   (no helmet)
rElec    +         Reflect  .   j - +0 cloak
rCorr    .         Harm     .   u - +0 pair of gloves
MR       .....                  (no boots)
Stlth    ..........             (no amulet)
HPRegen  0.26/turn              A - +5 ring of evasion
MPRegen  0.14/turn              I - +4 ring of intelligence

@: berserking, very quick
A: [clumsy 2], [dopey 2], negative energy resistance 1, electricity resistance,
[weak 2], unbreathing, petrification resistance, rot immunity, AC +7
a: Minor Destruction, Renounce Religion


You were on level 9 of the Dungeon.
You worshipped Makhleb.
Makhleb was pleased with you.
You were hungry.

You visited 1 branch of the dungeon, and saw 9 of its levels.
You visited the Abyss 1 time.
You also visited: Sewer.

You collected 413 gold pieces.

Inventory:

Hand Weapons
 a - a +0 flail
 y - a +1 morningstar (weapon)
 E - a +0 hunting sling
 L - a +1 trident of flaming
Missiles
 e - 355 stones (quivered)
Armour
 b - a +0 scale mail
 c - a +0 shield (worn)
 g - a +1 scale mail of cold resistance
 j - a +0 cloak (worn)
 k - a +0 plate armour
 n - a +0 chain mail (worn)
 u - a +0 pair of gloves (worn)
Jewellery
 A - a +5 ring of evasion (left hand)
 I - a +4 ring of intelligence (right hand)
Wands
 h - a wand of digging (18)
 C - a wand of random effects (23)
Scrolls
 i - 2 scrolls of amnesia
 l - 3 scrolls of teleportation
 r - a scroll of remove curse
 t - 2 scrolls of enchant weapon
 z - 7 scrolls of identify
 F - 3 scrolls of fear
 G - a scroll of summoning {unknown}
 H - a scroll of magic mapping
Potions
 d - a potion of might
 m - a potion of heal wounds
 o - a potion of invisibility
 p - 5 potions of curing
 q - a potion of cancellation
 s - 3 potions of degeneration
 w - 2 potions of brilliance
 B - a potion of magic
 J - 2 potions of flight
Books
 K - a book of Misfortune

   Spells                             Type                      Level
   a - Confusing Touch                Hexes                        1
   b - Confuse                        Hexes                        3
   c - Gell's Gravitas                Translocation                3
   d - Petrify                        Transmutation/Earth          4
   e - Metabolic Englaciation         Hexes/Ice                    5
   f - Yara's Violent Unravelling     Hexes/Transmutation          5
Comestibles
 f - 10 bread rations
 v - 4 fruits
 x - 3 meat rations
 D - 6 royal jellies


   Skills:
 + Level 7.9 Fighting
 * Level 9.6 Maces & Flails
 + Level 7.9 Armour
 - Level 3.2 Shields
 + Level 6.4 Invocations


You had 9 spell levels left.
You didn't know any spells.

Dungeon Overview and Level Annotations

Branches:
Dungeon (9/15)             Temple (0/1) D:6
   Lair: D:8-11         Orc: D:9-12

Altars:
Ashenzari
Dithmenos
Elyvilon
Fedhas
Kikubaaqudgha
Makhleb
Nemelex Xobeh
Sif Muna
Trog
Uskayaw
Wu Jian
Xom

Annotations:
D:3 wintastic's ghost, novice HaHu
D:9 Erolcha


Innate Abilities, Weirdness & Mutations

You are resistant to torment.
Your stone body is resilient. (AC +7)
You are immune to poison.
You resist negative energy. (rN+)
You are resistant to electric shocks. (rElec)
You can survive without breathing.
You are immune to petrification.
You are immune to rotting.
[You are very clumsy. (Dex -4)]
[You are very dopey. (Int -4)]
[You are very weak. (Str -4)]


Message History

You hit something. Something hits you!
You closely miss something.
You hear some strange, mumbled words.
A stone arrow appears from out of thin air!
The stone arrow hits you!
* * * LOW HITPOINT WARNING * * *
You closely miss something.
You hear some strange, mumbled words.
A bolt of lightning appears from out of thin air!
The bolt of lightning misses you.
You closely miss something. Something hits you!
* * * LOW HITPOINT WARNING * * *
You barely miss something. You block something's attack.
A red film seems to cover your vision as you go berserk!
You feel yourself moving faster!
You feel mighty!
Your shield and chain mail prevent you from hitting something.
Something barely misses you.
You miss something. You barely miss something. Something hits you!
You die...

# #.#
+..>###########
#.{@........#
#.#########.# #
#.# #.# #####.#
#...#.# #.#.#.#
#.#.#.# #.#.#.#


There were no monsters in sight!

Vanquished Creatures
  A two-headed ogre (D:8)
  Psyche (D:8)
  A hornet (D:8)
  A hippogriff (D:8)
  A yak (D:7)
  A human (D:6)
  3 hogs (D:6)
  A water moccasin (D:6)
  An ice beast (D:7)
  A black bear (D:8)
  A phantom (D:5)
  2 orc warriors
  A sky beast (D:5)
  An ogre (D:6)
  3 centaurs
  A crocodile (Sewer)
  2 scorpions
  3 howler monkeys
  A centaur zombie (D:6)
  2 crimson imps
  5 hounds
  4 orc wizards
  A jelly (D:7)
  A bullfrog skeleton (D:8)
  2 worker ants
  A hound skeleton (D:5)
  A howler monkey skeleton (D:6)
  3 gnolls (D:4)
  7 adders
  2 river rats (D:5)
  2 oozes
  2 adder skeletons
  3 worms
  2 dart slugs
  2 leopard geckos
  27 orcs
  4 ball pythons
  10 giant cockroaches
  3 hobgoblins (D:3)
  25 jackals
  9 kobolds
  3 quokkas
  3 bats
  3 frilled lizards
  4 goblins
  8 rats
166 creatures vanquished.

Notes
Turn   | Place    | Note
-------+----------+-------------------------------------------
     0 | D:1      | mortelune the Gargoyle Fighter began the quest for the Orb.
     0 | D:1      | Reached XP level 1. HP: 14/14 MP: 1/1
   194 | D:1      | Reached XP level 2. HP: 19/19 MP: 2/2
   284 | D:1      | Reached XP level 3. HP: 6/23 MP: 3/3
   961 | D:2      | Reached skill level 3 in Maces & Flails
  1257 | D:2      | Reached XP level 4. HP: 28/29 MP: 4/4
  1868 | D:3      | Noticed wintastic's ghost (novice HaHu)
  1988 | D:3      | Reached XP level 5. HP: 30/33 MP: 5/5
  2179 | D:3      | Reached skill level 4 in Maces & Flails
  2184 | D:3      | Found a blossoming altar of Fedhas.
  2379 | D:3      | Found an ornate altar of the Wu Jian Council.
  2694 | D:4      | Found a burning altar of Makhleb.
  2694 | D:4      | Found a shattered altar of Ashenzari.
  2694 | D:4      | Found a shimmering altar of Xom.
  2707 | D:4      | Became a worshipper of Makhleb the Destroyer
  3047 | D:4      | Reached XP level 6. HP: 34/39 MP: 6/6
  3049 | D:4      | Reached skill level 1 in Invocations
  3260 | D:4      | Found a deep blue altar of Sif Muna.
  3642 | D:5      | Entered Level 5 of the Dungeon
  3835 | D:5      | Reached * piety under Makhleb
  3838 | D:5      | Found a glowing drain.
  3842 | Sewer    | Entered a sewer
  3918 | Sewer    | Reached skill level 5 in Maces & Flails
  4095 | D:5      | Reached XP level 7. HP: 44/44 MP: 8/8
  4149 | D:5      | Reached skill level 5 in Fighting
  4226 | D:5      | Reached skill level 5 in Armour
  4911 | D:6      | Reached skill level 6 in Maces & Flails
  4912 | D:6      | Reached XP level 8. HP: 50/50 MP: 10/10
  5024 | D:6      | Found a white marble altar of Elyvilon.
  5068 | D:6      | Found a staircase to the Ecumenical Temple.
  5570 | D:6      | Reached ** piety under Makhleb
  5733 | D:7      | Reached skill level 7 in Maces & Flails
  5913 | D:7      | Found an ancient bone altar of Kikubaaqudgha.
  6131 | D:7      | Found a sparkling altar of Nemelex Xobeh.
  6186 | D:7      | Found a shadowy altar of Dithmenos.
  6441 | D:7      | Noticed a yak
  6476 | D:6      | Reached XP level 9. HP: 38/56 MP: 12/12
  6695 | D:6      | Reached skill level 8 in Maces & Flails
  6695 | D:6      | Reached skill level 5 in Invocations
  6970 | D:8      | Noticed a hornet
  6971 | D:8      | Noticed Psyche
  6974 | D:8      | Killed a hornet
  7002 | D:8      | Killed Psyche
  7002 | D:8      | Reached skill level 9 in Maces & Flails
  7130 | D:8      | Noticed a two-headed ogre
  7140 | D:8      | Killed a two-headed ogre
  7140 | D:8      | Reached XP level 10. HP: 32/64 MP: 14/14
  7480 | D:8      | Found a hide-covered altar of Uskayaw.
  7533 | D:8      | Found a bloodstained altar of Trog.
  7721 | D:9      | Noticed Erolcha
  7727 | D:9      | Cast into level 1 of the Abyss (Erolcha)
  7763 | Abyss:1  | Noticed a wretched star
  7772 | D:9      | Escaped the Abyss
  7786 | D:9      | Slain by Erolcha

Vault maps used:
D:1:      minmay_arrival_shattered_statue, minmay_misc_feat_more_columns,
          st_stairs_12
D:3:      marbit_many_paths, lemuel_crystal_altar
D:4:      overflow_temple_1_default, gammafunk_temple_overflow_forgotten
D:5:      kennysheep_spiral_hall, first_bread, gup_sewer_entry_spiral
D:6:      lemuel_doored_altar, temple_green
D:7:      kennysheep_little_box, nemelex_xobeh_ov_fountains_minmay,
          kiku_gazebo_pond_becter, grunt_livestock
D:8:      lightli_temple_of_fire, eat_drink_and_be_merry_uskayaw, uniq_psyche
D:9:      kennysheep_mini_moat, david_orc_3, uniq_erolcha
Sewer:    sewer_the_crocodile

Skill      XL: |  1  2  3  4  5  6  7  8  9 |
---------------+----------------------------+-----
Maces & Flails | 3 4 5 6 7 9 |  9.6
Fighting       | 4 5 6 7 |  7.9
Armour         | 4 5 6 7 |  7.9
Invocations    | 2 3 4 6 |  6.4
Shields        | |  3.2

Action                   |  1- 3 |  4- 6 |  7- 9 | 10-12 || total
-------------------------+-------+-------+-------+-------++-------
Melee: Flail             |   117 |   139 |       |       ||   256
       Morningstar       |       |   174 |   386 |    23 ||   583
Invok: Minor Destruction |       |       |     1 |       ||     1
  Use: Scroll            |       |     9 |     3 |     3 ||    15
       Potion            |       |       |     2 |     1 ||     3
 Stab: Invisible         |       |       |     3 |     1 ||     4
  Eat: Chunk             |     1 |    10 |    11 |     1 ||    23
Armor: Scale mail        |    67 |       |       |       ||    67
       Chain mail        |    32 |   208 |   208 |    10 ||   458
Dodge: Dodged            |    44 |    84 |   184 |    12 ||   324
Block: Shield            |    94 |   148 |   198 |    15 ||   455

Table legend:
 A = Spawn XP
 B = Non-spawn XP
 C = Spawn XP percentage of total XP
 D = Spawn monster count
 E = Non-spawn monster count
 F = Spawn count percentage of total count
 G = Total turns spent on level
                    A         B        C        D         E        F      G
               +---------+---------+-------+---------+---------+-------+---------
         Total |       0 |    5718 |   0.0 |       0 |     166 |   0.0 |  7786
               +---------+---------+-------+---------+---------+-------+---------
           D:1 |       0 |      42 |   0.0 |       0 |      22 |   0.0 |   956
           D:2 |       0 |      44 |   0.0 |       0 |      11 |   0.0 |   807
           D:3 |       0 |     145 |   0.0 |       0 |      34 |   0.0 |   845
           D:4 |       0 |     159 |   0.0 |       0 |      14 |   0.0 |  1034
           D:5 |       0 |     605 |   0.0 |       0 |      25 |   0.0 |  1099
           D:6 |       0 |    1557 |   0.0 |       0 |      23 |   0.0 |  1057
           D:7 |       0 |     598 |   0.0 |       0 |      13 |   0.0 |   848
           D:8 |       0 |    2454 |   0.0 |       0 |      18 |   0.0 |   924
         Sewer |       0 |     114 |   0.0 |       0 |       6 |   0.0 |   125
               +---------+---------+-------+---------+---------+-------+---------
